 Dungeon Crawl Stone Soup version 0.20.1-1-g8b1a95d (webtiles) character file.

96 dvd the Scratcher (level 4, -10/19 HPs)
             Began as a Felid Transmuter on Oct 7, 2017.
             Killed from afar by appiemonkey's ghost (17 damage)
             ... with an orb of energy
             ... on level 3 of the Dungeon.
             The game lasted 00:08:16 (3434 turns).

dvd the Scratcher (Felid Transmuter)                Turns: 3434, Time: 00:08:17

Health: -10/19     AC:  1    Str: 11    XL:     4   Next: 41%
Magic:  0/9        EV: 19    Int: 15    God:
Gold:   141        SH:  0    Dex: 17    Spells: 2/8 levels left
                                        Lives:  0   Deaths: 1

rFire    . . .     SeeInvis +     - Unarmed
rCold    . . .     Gourm    .   (shield unavailable)
rNeg     . . .     Faith    .   (armour unavailable)
rPois    .         Spirit   +   (helmet unavailable)
rElec    .         Reflect  .   (cloak unavailable)
rCorr    .         Harm     .   (gloves unavailable)
MR       .....                  (boots unavailable)
Stlth    ++++......             e - amulet of guardian spirit
Regen    0.1/turn               g - ring of stealth
MPRegen  0.2/turn               r - +5 ring of strength

@: quick
A: no armour, no weapons or thrown items, stealth, claws 1, fangs 3, see
invisible, carnivore 3, speed 1, shaggy fur 1, slow metabolism 1, sharp paws
a: no special abilities


You were on level 3 of the Dungeon.
You were not hungry.

You visited 1 branch of the dungeon, and saw 4 of its levels.

You collected 141 gold pieces.

Inventory:

Missiles
 a - 110 arrows
Jewellery
 e - an amulet of guardian spirit (around neck)
 g - a ring of stealth (left paw)
 l - an uncursed amulet of the gourmand {unknown}
 r - a +5 ring of strength (right paw)
Wands
 n - a wand of paralysis (5/24)
Scrolls
 d - 5 scrolls of teleportation {unknown}
 f - a scroll of enchant weapon {unknown}
 i - 5 scrolls of identify {unknown}
 o - 3 scrolls of remove curse {unknown}
 q - a scroll of magic mapping {unknown}
Potions
 h - a potion of degeneration {unknown}
 j - 3 potions of curing {unknown}
 k - 2 potions of agility {unknown}
 m - a potion of lignification {unknown}
 p - a potion of berserk rage {unknown}
 t - a potion of flight {unknown}
Books
 b - a book of Changes

   Spells                             Type                      Level
   a - Beastly Appendage              Transmutation                1
   b - Sticks to Snakes               Transmutation                2
   c - Spider Form                    Transmutation/Poison         3
   d - Ice Form                       Ice/Transmutation            4
   e - Blade Hands                    Transmutation                5
Comestibles
 c - 5 meat rations


   Skills:
 + Level 1.4 Fighting
 + Level 3.6 Dodging
 + Level 2.0 Stealth
 + Level 4.3 Unarmed Combat
 + Level 2.8 Spellcasting
 + Level 3.3 Transmutations


You had 2 spell levels left.
You knew the following spells:

 Your Spells              Type           Power        Failure   Level  Hunger
a - Beastly Appendage     Tmut           ##....       5%          1    #......
b - Spider Form           Tmut/Pois      #.........   30%         3    ###....
c - Sticks to Snakes      Tmut           ##......     8%          2    ##.....


Dungeon Overview and Level Annotations

Branches:
Dungeon (4/15)
 Temple: D:4-7

Altars:

Annotations:
D:3 appiemonkey's ghost, amateur OpCj
D:4 Frank's ghost, amateur OpFi


Innate Abilities, Weirdness & Mutations

You cannot wear armour.
You are incapable of wielding weapons or throwing items.
Your paws allow you to move quietly. (Stealth)
You have sharp claws.
You have razor-sharp teeth.
You have supernaturally acute eyesight. (SInv)
You are carnivorous and can eat meat at any time.
You cover ground quickly.
You are covered in fur. (AC +1)
You have a slow metabolism.
Your sharp claws are effective at attacking unaware monsters.


Message History

You rejoin the land of the living...
Appiemonkey's ghost stares at you and mumbles some strange words.
The orb of energy hits you!
Ouch! That really hurt!
You see here the felid corpse of dvd.
Appiemonkey's ghost misses you.
You scratch appiemonkey's ghost.
Appiemonkey's ghost is lightly damaged.
Appiemonkey's ghost keens inconsolably.
Appiemonkey's ghost misses you.
You miss appiemonkey's ghost.
Appiemonkey's ghost is lightly damaged.
Appiemonkey's ghost casts a spell at you.
The orb of energy misses you.
You scratch appiemonkey's ghost. Your bite misses appiemonkey's ghost.
Appiemonkey's ghost is lightly damaged.
Appiemonkey's ghost stares at you and mumbles some strange words.
The orb of energy hits you!
Ouch! That really hurt!
You die...

#.....S..#################.......
#...........########....##.......
.......###..............##..##.##
.......# #..............###.##.#
....[..# #..............#...((.#
.......###...S..........#.##...##
............########....#....(...
.....#####..########....#........
.#.#.)...#..#..†@W...........(...
.#.#####.#..#.############.......
#.......####.##..<# #.......
####.....[.#.##.### #.......
###+#####.#.##.# #....>..
#..............# #.......
#..........#.### #.......
#..........#.# ########.
#..........#.# #........


You could see appiemonkey's ghost.

Vanquished Creatures
  A crimson imp (D:3)
  An orc wizard (D:4)
  3 gnolls (D:3)
  5 adders
  An ooze (D:1)
  A worm (D:3)
  2 dart slugs
  3 orcs (D:4)
  3 giant cockroaches
  7 goblins
  10 hobgoblins
  3 kobolds
  5 bats
  3 rats
48 creatures vanquished.

Notes
Turn   | Place    | Note
-------+----------+-------------------------------------------
     0 | D:1      | dvd the Felid Transmuter began the quest for the Orb.
     0 | D:1      | Reached XP level 1. HP: 9/9 MP: 4/4
   273 | D:1      | Reached XP level 2. HP: 12/12 MP: 4/6
   989 | D:2      | Reached XP level 3. HP: 12/15 MP: 3/7
  1923 | D:2      | Reached skill level 1 in Stealth
  2140 | D:2      | Learned a level 3 spell: Spider Form
  2232 | D:3      | Reached XP level 4. HP: 17/19 MP: 6/8
  2244 | D:3      | Noticed appiemonkey's ghost (amateur OpCj)
  2426 | D:3      | Reached skill level 4 in Unarmed Combat
  2493 | D:3      | Learned a level 2 spell: Sticks to Snakes
  2518 | D:3      | Reached XP level 5. HP: 19/22 MP: 4/9
  3128 | D:4      | Noticed Frank's ghost (amateur OpFi)
  3423 | D:3      | Killed from afar by appiemonkey's ghost
  3424 | D:3      | Reached XP level 4. HP: -3/19 MP: 0/9
  3434 | D:3      | Killed from afar by appiemonkey's ghost

Skill      XL: |  1  2  3  4  5 |
---------------+----------------+-----
Dodging        | 3 |  3.6
Stealth        | 1 2 |  2.0
Transmutations | 3 |  3.3
Unarmed Combat | 4 |  4.3
Fighting       | |  1.4
Spellcasting   | |  2.8

Action                   |  1- 3 |  4- 6 || total
-------------------------+-------+-------++-------
Melee: Unarmed           |   100 |    52 ||   152
       Bite              |     9 |     2 ||    11
       Punch             |     1 |       ||     1
       Headbutt          |     9 |     7 ||    16
 Cast: Beastly Appendage |    19 |    10 ||    29
       Sticks to Snakes  |       |     3 ||     3
       Spider Form       |       |     3 ||     3
 Stab: Sleeping          |     3 |     2 ||     5
  Eat: Chunk             |    10 |     3 ||    13
Armor: Skin              |     6 |     2 ||     8
Dodge: Dodged            |    77 |    35 ||   112
